Cogmind - Beta 17 @@@ ROGUE MODE // 2026.07.20 @ 18:54:18 Player: Arttano Result: Destroyed by G-47 Trooper with Particle Gun Performance ------------- Evolutions (0) 0 Regions Visited (1) 200 Robots Destroyed (13) 65 Value Destroyed (265) 265 Prototype IDs (0) 0 Alien Tech Used (0) 0 Bonus (0) 0 TOTAL SCORE: 530 Bonus ------- None Cogmind --------- Core Integrity 0/250 Matter 300/300 Energy 100/100 System Corruption 0% Temperature Cool (9) Movement Treading (400) Ox3 Location -10/Materials Parts ------- > --- POWER (1) -------- (None) > --- PROPULSION (2) --- Light Treads > --- UTILITY (2) ------ Huge Storage Unit > --- WEAPON (2) ------- (None) > --- INVENTORY (25) --- Light Ion Engine Light Ion Engine Aluminum Leg Aluminum Leg Small Storage Unit Improved Terrain Scanner ECM Suite ECM Suite Core Shielding Peak State ------------ > --- POWER ------------ Light Ion Engine > --- PROPULSION ------- Aluminum Leg Aluminum Leg > --- UTILITY ---------- Huge Storage Unit Seismic Detector > --- WEAPON ----------- Assault Rifle Light Assault Rifle > --- INVENTORY -------- Light Ion Engine Light Ion Engine Light Treads Light Treads Wheel Small Storage Unit Improved Terrain Scanner Core Shielding [Rating: 8] Favorites ----------- Power Light Ion Engine Engine Light Ion Engine Propulsion Aluminum Leg Treads Light Treads Leg Aluminum Leg Wheel Wheel Utility Seismic Detector Device Seismic Detector Storage Huge Storage Unit Weapon Assault Rifle Ballistic Gun Assault Rifle Build | -11 -10 ------- Run | Yrd Mat Slots Evolved . | . . Power . | . . Propulsion . | . . Utility . | . . Weapon . | . . Parts Attached 6 | 2 4 Power . | . . Engine . | . . Core . | . . Reactor . | . . Propulsion 3 | . 3 Treads 2 | . 2 Leg . | . . Wheel 1 | . 1 Hover . | . . Flight . | . . Utility 2 | 1 1 Device 1 | 1 . Storage 1 | . 1 Processor . | . . Hackware . | . . Protection . | . . Artifact . | . . Weapon 1 | 1 . Energy Gun . | . . Energy Cannon . | . . Ballistic Gun 1 | 1 . Ballistic Cannon . | . . Launcher . | . . Special Weapon . | . . Impact Weapon . | . . Slashing Weapon . | . . Piercing Weapon . | . . Special Melee Weapon . | . . Unidentified Prototypes . | . . Parts Lost 6 | . 6 Power 1 | . 1 Propulsion 2 | . 2 Utility 1 | . 1 Weapon 2 | . 2 Highest Loss Streak 4 | . 4 To Critical Strikes . | . . Average Backups 7 | 6 8 Power 1 | 1 2 Propulsion 3 | 3 2 Utility 2 | . 3 Weapon . | . . Tool/Special . | . . Unused Backups 13 | 2 11 Power 1 | . 1 Propulsion 4 | . 4 Utility 6 | . 6 Weapon 2 | 2 . Tool/Special . | . . Average Slot Usage (%) 93 | . 93 Engine 13 | . 13 Treads 14 | . 14 Leg 2 | . 2 Wheel 10 | . 10 Device 12 | . 12 Storage 14 | . 14 Ballistic Gun 23 | . 23 Peak Build Rating 8 | 7 8 Average Rating 6 | 6 7 On Entrance 6 | 6 7 Avg Prop Armor Cover (%) 12 | . 12 Naked Turns . | . . Heaviest Build 87 | 12 87 Greatest Support 40 | 20 40 Greatest Overweight (x) 8 | . 8 Average Overweight (x) 3 | . 6 Largest Inventory Capacity 25 | 8 25 Average Capacity 18 | 8 23 Most Carried 10 | 7 10 Average Carried 7 | 6 8 Final Capacity 25 | 8 25 Final Carried 9 | 6 9 Class Distribution -------------------- 100% | Mutant Dominant Class ---------------- Mutant | -10/Materials Resources | -11 -10 ----------- Run | Yrd Mat Matter Collected 482 | 332 150 Remotely . | . . Salvage Created 436 | 191 245 Parts 23 | 11 12 Haulers Intercepted . | . . Recyclers Shooed 1 | 1 . Parts Field Recycled . | . . Retrieved Matter . | . . Parts Self-Destructed . | . . Prevented . | . . Parts Restored . | . . Kills | -11 -10 ------- Run | Yrd Mat Combat Hostiles Destroyed 6 | . 6 Guns 6 | . 6 Classes Destroyed 3 | 2 1 Tunneler 6 | 6 . Recycler 1 | 1 . Grunt 6 | . 6 Best Kill Streak 3 | 2 3 Combat Bots Only 3 | . 3 Max Kills in Single Turn 1 | 1 1 Gunslinging . | . . Exploded . | . . Melee . | . . Uniques/NPCs Destroyed . | . . Combat | -11 -10 -------- Run | Yrd Mat Hostile Shots Fired 84 | . 84 Missed 21 | . 21 Hits 63 | . 63 Projectile 63 | . 63 Critical Strikes 2 | . 2 Damage Taken 812 | . 812 Core 260 | . 260 Absorbed by Shields . | . . Core Remaining (%) 100 | 100 . Volleys Fired 57 | 28 29 Largest 2 | 2 2 Hottest 40 | 40 40 Shots Fired 108 | 56 52 Gun 108 | 56 52 Cannon . | . . Launcher . | . . Special . | . . Kinetic 108 | 56 52 Thermal . | . . Explosive . | . . Electromagnetic . | . . Robot Hit Streak 11 | 6 11 Robot Miss Streak 3 | 3 3 Penetration Max . | . . Secondary Targets 1 | . 1 Max Gunslinging Chain 1 | . 1 Shots Hit Robots 68 | 33 35 Core Hits 26 | 10 16 Critical Kills . | . . Critical Parts Destroyed . | . . Critical Strikes . | . . Melee Attacks . | . . Impact . | . . Slashing . | . . Piercing . | . . Sneak Attacks . | . . Combat Hostiles . | . . Follow-up Attacks . | . . Damage Inflicted 717 | 344 373 Guns 717 | 344 373 Cannons . | . . Explosions . | . . Melee . | . . Ramming . | . . Kinetic 717 | 344 373 Thermal . | . . Explosive . | . . Electromagnetic . | . . Impact . | . . Slashing . | . . Piercing . | . . Highest Corruption . | . . Average Corruption . | . . Corruption Purged . | . . Corruption Blocked . | . . Overload Shots . | . . Overflow Damage . | . . Projectiles . | . . Explosions . | . . Melee . | . . Knockbacks . | . . Impact . | . . Kinetic . | . . Secondary . | . . Self-Inflicted Damage . | . . Shots . | . . Rammed . | . . Targets Rammed . | . . Kicked . | . . Crushed . | . . Highest Temperature 13 | . 13 Average Temperature 6 | . 6 Received Heat Transfer 498 | . 498 Siege Activations . | . . Martial Activations . | . . Shielding Activations . | . . Robots Disrupted . | . . Combat Hostiles . | . . Robots Corrupted . | . . Combat Hostiles . | . . Parts Fried . | . . Impact Corruptions . | . . Robots Melted . | . . Combat Hostiles . | . . Parts Melted . | . . Heat Transferred . | . . Parts Sabotaged . | . . Parts Stolen . | . . Parts Stripped . | . . Power Chain Reactions . | . . Alert | -11 -10 ------- Run | Yrd Mat Maximum Alert Level . | . . Low Security (%) 100 | 100 100 Level 1 . | . . Level 2 . | . . Level 3 . | . . Level 4 . | . . Level 5 . | . . High Security . | . . Max Security . | . . Peak Influence 120 | 5 120 Initial . | . . Average 23 | 1 35 Influence Increases 185 | 35 150 Destroy 0b10 Robot/C 120 | . 120 Destroy 0b10 Robot/NC 35 | 35 . Destroy Leader 30 | . 30 Influence Decreases 185 | 35 150 Time Decay 145 | 35 110 Lost Part 40 | . 40 Squads Dispatched 2 | . 2 Investigation 1 | . 1 Extermination . | . . Reinforcement 1 | . 1 Assault . | . . Garrison . | . . Intercept . | . . Searches Triggered . | . . Construction Impeded . | . . Haulers Reinforced . | . . Active Scanning Responses . | . . Cargo Convoy Interrupts . | . . Stealth | -11 -10 --------- Run | Yrd Mat Distress Signals 1 | . 1 Communications Jammed . | . . Distress Signals . | . . Times Spotted 10 | . 10 Peak Tracking Total 3 | . 3 Tactical Retreats . | . . Traps | -11 -10 ------- Run | Yrd Mat Traps Triggered . | . . Indirectly . | . . Trap Hack Attempts . | . . Triggered . | . . Disarmed . | . . Reprogrammed . | . . Reused . | . . Traps Extracted . | . . Installed . | . . Triggered . | . . Machines | -11 -10 ---------- Run | Yrd Mat Machines Disabled . | . . Max in Single Turn . | . . Machines Repaired . | . . Machines Dismantled . | . . Machines Sabotaged . | . . Overloaded Fab Kills . | . . Hacking | -11 -10 --------- Run | Yrd Mat Machines Accessed 2 | . 2 Terminals 1 | . 1 Fabricators . | . . Repair Stations . | . . Recycling Units 1 | . 1 Scanalyzers . | . . Garrison Access . | . . Total Hacks 3 | . 3 Successful 1 | . 1 Failed 2 | . 2 Catastrophic . | . . Database Lockouts . | . . Manual 2 | . 2 Terminals 2 | . 2 Fabricators . | . . Repair Stations . | . . Recycling Units 1 | . 1 Scanalyzers . | . . Garrison Access . | . . Terminal Hacks . | . . Fabricator Hacks . | . . Repair Station Hacks . | . . Recycling Unit Hacks 1 | . 1 Retrieve Components 1 | . 1 Scanalyzer . | . . Garrison Access Hacks . | . . Unauthorized Hacks . | . . Terminals . | . . Fabricators . | . . Repair Stations . | . . Recycling Units . | . . Scanalyzers . | . . Garrison Access . | . . Data Cores Recovered . | . . Used . | . . Hacking Detections 1 | . 1 Full Trace Events 1 | . 1 Feedback Events . | . . Feedback Blocked . | . . Robot Schematics Acquired . | . . Robots Built . | . . Authchips . | . . Time . | . . Total Robot Build Rating . | . . Part Schematics Acquired . | . . Parts Built . | . . Authchips . | . . Time . | . . Total Part Build Rating . | . . Part Studies Acquired . | . . Parts Repaired . | . . Time . | . . Parts Recycled . | . . Recycled Matter . | . . Retrieved Matter . | . . Retrieved Components 2 | . 2 Parts Scanalyzed . | . . Part Schematics Acquired . | . . Parts Damaged . | . . Bothacking | -11 -10 ------------ Run | Yrd Mat Used RIF Installer . | . . Robots Hacked . | . . Non-combat . | . . Combat . | . . Robot Hacks Applied . | . . Relay Couplers Released . | . . Fabnet Peak Effective % . | . . Robots Rewired . | . . Allies Hacked . | . . Hacks Repelled . | . . Allies | -11 -10 -------- Run | Yrd Mat Total Allies . | . . Largest Group . | . . Highest-Rated Group . | . . Highest-Rated Ally . | . . Total Orders . | . . Ally Attacks . | . . Total Damage . | . . Kills . | . . Allies Corrupted . | . . Allies Melted . | . . Intel | -11 -10 ------- Run | Yrd Mat Active Infowar (turns) 377 | 8 369 Seismic 377 | 8 369 Robot Analysis Total . | . . Derelict Logs Recovered . | . . Drone Launches . | . . Drone Recoveries . | . . Exploration | -11 -10 ------------- Run | Yrd Mat Turns Passed 620 | 220 400 Spaces Moved 261 | 114 147 Core . | . . Treads 17 | . 17 Legs 137 | 114 23 Wheels 107 | . 107 Hover . | . . Flight . | . . Fastest Speed 120 | 120 120 Average Speed 167 | 120 203 Slowest Speed 480 | 120 480 Overloaded Moves . | . . Propulsion Burnouts . | . . Robots Hopped . | . . Potential Cave-ins . | . . Cave-ins Triggered . | . . Exploration Rate (%) 16 | 5 27 Regions Visited 1 Branch Regions . Pre-discovered Areas . | . . Known Exits Taken . | . . Unknown Exits Taken 1 | 1 . Scrap Searched . | . . Spaces Dug . | . . Terrain Destroyed . | . . Melee . | . . Projectile . | . . AOE . | . . Terrain Rammed . | . . Walls Destroyed . | . . Machines Disabled . | . . Actions | -11 -10 --------- Run | Yrd Mat Total 350 | 147 203 Wait 18 | . 18 Move 260 | 113 147 Hop . | . . Pick Up 5 | 2 3 Fast Attach 1 | 1 . Attach 3 | . 3 Detach 2 | . 2 Swap 2 | 1 1 Drop 2 | 2 . Fire 57 | 28 29 Melee . | . . Ram . | . . Kick . | . . Crush . | . . Escape Stasis . | . . Rewire . | . . Trap . | . . Miscellaneous . | . . Route ------- -11/Scrapyard -10/Materials History --------- Turn | Location | Event 4 | -11/Scrapyard | Discovered new exit (range 3) 221 | -11/Scrapyard | Entered Materials 313 | -10/Materials | Build established: Mutant 563 | -10/Materials | Core integrity fell below 50% 611 | -10/Materials | Core integrity fell below 20% 621 | -10/Materials | Destroyed by G-47 Trooper with Particle Gun Last Messages --------------- 00529_ Lgt. Assault Rifle destroyed. 00532_ U-05 Engineer works on Hadron Collector. 00549_ K-01 Serf collects debris. 00553_ Acquired 3 matter. 00554_ K-01 Serf collects debris. 00555_ Wheel destroyed. 00556_ Acquired 10 matter. 00557_ Acquired 3 matter. 00557_ K-01 Serf collects debris. 00559_ Acquired 3 matter. 00562_ K-01 Serf collects debris. 00563_ Acquired 3 matter. 00576_ K-01 Serf cleans the Terminal. 00590_ Seismic Detector destroyed. 00594_ Assault Rifle destroyed. 00606_ Critical hit (Burn: +37). 00608_ Lgt. Treads destroyed. 00614_ Lgt. Ion Engine destroyed. 00617_ Critical hit (Burn: +37). Map ----- +----------------------------------------------------+ | ?????????????????????? #????? | | ?????????????????????? #????? | | ??????????????????#### ###### | | ???????????????#### | | ???????????????? | | ????????????????? | | ?????????????????? | | ??????????????????# = | | ??????????????????# | | ??????????????????# =| | | ??????????????T???# =! | | ????????????? ???# ! | | ????????????? ???# | | ????????????? ???# ##### | | ????????????? ???# #????? | | ????????????? ???# #????? | | ????????????? ???# #????? | | ?????????????#+#??# #????? | | ############## #??# #????? | | # T ## #??# #????? | | # ## #??# #????? | | # """ """ ## #??# #????? | | # """"""""" ## ##?# #????? | | # """"" # ### #????? | | # #% % % #????? | | # @ g/ %#### #????? | | ??########### #??# #????? | | ???? ## ##?# #????? | | ????"" """ # #?##+##????? | | ????"" """ # #? ????? | | ????"" """ + T ## #??? | | ?# # ## #??? | | ?# # ## #??? | | ?# ## ### #??? | | ?# ## #?# #??? | | ?############ #?# #??? | | ??????####### ##########??? | | ????? """"" # # #????? | | ????# """"" # # #????? | | ????# """"" # # #????? | | ????# + + ! #????? | | ????#! ! # # ! #????? | | ????######### # #????? | | ?????# # #####+##????? | | ?????# """ # ##### #?????? | | ?????# "Y" + #?????? | | ?????# ! # #######?????? | | ?????# # #???????????? | | ?????# #####???????????? | | ?????##" "###???????????????? | +----------------------------------------------------+ Best States ------------- Heat Dissipation 25 Energy Generation 10 Energy Capacity 125 Matter Stores 300 Matter Capacity 300 Sight Range 16 Terrain Scan Density 10 Evasion (%) 55 Recoil Reduction 2 Item Schematics ----------------- None Robot Schematics ------------------ None Fabricated ------------ Nothing Repaired ---------- Nothing Studied --------- None Alien Tech Used ----------------- None Achievements -------------- None Challenges ------------ None Game ------ Seed SalvageMediumDeflector Manual? 0 Play Time 00:04:50 Cumulative 25.3 hours Start 2026.07.20 @ 18:49:33 End 2026.07.20 @ 18:54:18 Sessions 1 Manual Loads 0 Difficulty Rogue Special Mode None Game No. 30 Rogue 30 Adventurer 0 Explorer 0 Win Type - Total 0 Types 0/0/0/0/0/0/0/0/0/0 Lore% 21 Gallery% 19 Achievement% 20 Wizard Run 0 Options --------- Layout 2 ASCII 0 Keyboard 1 Movement Numpad Keybinds 1 Fullscreen 2 Font 24/Terminus Map View 50x44 Zoom Use 0% Tactical HUD 1 Map Filters NONE Filters LOW_CONTRAST(18,8,8)|SATURATION(90)|BRIGHTNESS(90) Steam 1 RUN: 9043618f-7f09-4dba-96ef-816fa07fe336